[Event "Titled Tuesday Blitz August 16 Late 2022"]
[White "Urh, Zala"]
[Black "Ambartsumova, Karina"]
[WhiteFideId "14611481"]
[BlackFideId "4166299"]
[WhiteElo "2097"]
[BlackElo "2262"]
[Result "0-1"]
[Round "01"]
[TimeControl "180+1"]
[Date "2022.08.18"]
[WhiteClock "0:00:00"]
[BlackClock "0:00:00"]

1. e4 c5 2. Nf3 e6 3. d4 cxd4 4. Nxd4 a6 5. Nc3 Qc7 6. Be2 Nf6 7. O-O Bb4 8. Qd3 Nc6 9. Nxc6 bxc6 10. a3 Be7 11. f4 d5 12. e5 Nd7 13. Qg3 O-O 14. Bd3 c5 15. Qh3 g6 16. Qh6 c4 17. Rf3 Re8 18. Rh3 Nf8 19. f5 Qxe5 20. fxg6 fxg6 21. Bf4 Qg7 22. Qxg7+ Kxg7 23. Be2 Bf6 24. Rf1 Bd4+ 25. Kh1 Bb7 26. Bh6+ Kg8 27. Bg4 Bg7 28. Bd2 d4 29. Nd1 e5 30. Bb4 e4 31. Re1 e3 32. Kg1 Rad8 33. Nxe3 dxe3 34. Rhxe3 Bd4 35. Kf2 Rxe3 36. Rxe3 Re8 37. Bd2 Bxg2 38. Kxg2 Bxe3 39. Bb4 Bd4 40. c3 Bg7 41. Kf3 Ne6 42. Bh3 Ng5+ 43. Kg3 Re3+ 44. Kf4 Rxh3 45. Kxg5 Rxh2 46. Kf4 Rxb2 47. Ke4 Rb3 48. Kd5 Bxc3 49. Kxc4 Rxb4+ 50. axb4 Bxb4 51. Kxb4 Kf7 52. Ka5 Kf6 53. Kb6 g5 54. Ka7 g4 55. Kb8 g3 56. Ka7 g2 57. Kxa6 g1=Q 58. Kb7 Qc5 59. Kb8 Qe7 60. Kc8 Ke6 61. Kb8 Kd6 62. Ka8 Kc6 63. Kb8 Qb7# 0-1


[Site "https://www.chess.com"]

[Event "Titled Tuesday Blitz August 16 Late 2022"]
[White "Uskov, Artem"]
[Black "Lagowski, Patryk"]
[WhiteFideId "34254854"]
[BlackFideId "1114611"]
[WhiteElo "2335"]
[BlackElo "2274"]
[Result "1/2-1/2"]
[Round "01"]
[TimeControl "180+1"]
[Date "2022.08.18"]
[WhiteClock "0:00:00"]
[BlackClock "0:00:00"]

1. e4 c5 2. Nf3 d6 3. d4 cxd4 4. Nxd4 Nf6 5. f3 a6 6. c4 e5 7. Nc2 Nc6 8. Nc3 Be6 9. Bg5 Be7 10. Be2 Nxe4 11. Nxe4 Bxg5 12. Nxd6+ Ke7 13. Ne4 Qxd1+ 14. Rxd1 Bh6 15. b3 b6 16. g4 Bf4 17. Kf2 Rhd8 18. h4 f6 19. Ne3 Nd4 20. Bd3 a5 21. Ng2 a4 22. Nxf4 exf4 23. b4 Rac8 24. Rhe1 Kf7 25. c5 bxc5 26. bxc5 Rc7 27. Nd6+ Kg8 28. Bxh7+ Kxh7 29. Rxd4 Bxa2 30. Rxa4 Rxc5 31. Nf5 Rc2+ 32. Re2 Rxe2+ 33. Kxe2 Re8+ 34. Kf2 Be6 35. Nd4 Bd5 36. Ne2 g5 37. hxg5 fxg5 38. Ra5 Bc4 39. Nc3 Kh6 40. Ne4 Rg8 41. Rc5 Bd3 42. Rc6+ Rg6 43. Nf6 Bb5 44. Rd6 Kg7 45. Nh5+ Kf7 46. Rd5 Bc6 47. Rc5 Ke7 48. Ra5 Kd6 49. Rf5 Ke7 50. Re5+ Kd6 51. Ra5 Ke7 52. Ra7+ Kd6 53. Ng7 Bd7 54. Ra6+ Bc6 55. Nf5+ Kc5 56. Ne7 Re6 57. Nf5 Rf6 58. Ra5+ Kb6 59. Re5 Bb7 60. Nd4 Rd6 61. Re6 Kc5 62. Rxd6 Kxd6 63. Ne2 Ke5 64. Ng1 Kf6 65. Ke2 Bc6 66. Kd3 Bb5+ 67. Kd4 Bc6 68. Kc5 Bb7 69. Kd6 Ba8 70. Kc7 Bd5 71. Kd6 Ba8 72. Kc5 Bb7 73. Kd4 Ba8 74. Kd3 Bb7 75. Ke2 Ba8 76. Kf2 Bb7 77. Ne2 Ba6 78. Nd4 Bb7 79. Ke2 Ba8 80. Kd3 Ke5 81. Kc4 Kf6 82. Kc5 Ke5 83. Kc4 Kf6 84. Kc3 Ke5 85. Kd3 Kf6 86. Kc4 Ke5 87. Kc5 Kf6 88. Kd6 Bb7 89. Kc5 Ba8 90. Kd6 Bb7 91. Kc7 Bd5 92. Kd6 Ba8 93. Kc5 Ke5 94. Kc4 1/2-1/2


[Site "https://www.chess.com"]

[Event "Titled Tuesday Blitz August 16 Late 2022"]
[White "Van Dael, Siem"]
[Black "Sokolovsky, Yahli"]
[WhiteFideId "1049771"]
[BlackFideId "2820242"]
[WhiteElo "2110"]
[BlackElo "1867"]
[Result "1-0"]
[Round "01"]
[TimeControl "180+1"]
[Date "2022.08.18"]
[WhiteClock "0:00:00"]
[BlackClock "0:00:00"]

1. e4 d5 2. exd5 Qxd5 3. Nc3 Qd8 4. d4 Nf6 5. Nf3 Bg4 6. Bc4 e6 7. O-O Be7 8. h3 Bxf3 9. Qxf3 c6 10. Be3 O-O 11. Rad1 Nbd7 12. Bd3 Qb6 13. Ne4 Nxe4 14. Qxe4 Nf6 15. Qh4 Qd8 16. Rfe1 h6 17. Bxh6 gxh6 18. Qxh6 Bd6 19. Re5 Ne4 20. Rh5 Bh2+ 21. Kxh2 1-0


[Site "https://www.chess.com"]

[Event "Titled Tuesday Blitz August 16 Late 2022"]
[White "Van Foreest, Machteld"]
[Black "Aldokhin, Ivan"]
[WhiteFideId "1051563"]
[BlackFideId "24115720"]
[WhiteElo "2235"]
[BlackElo "2413"]
[Result "0-1"]
[Round "01"]
[TimeControl "180+1"]
[Date "2022.08.18"]
[WhiteClock "0:00:00"]
[BlackClock "0:00:00"]

1. e4 c5 2. Nf3 e6 3. d4 cxd4 4. Nxd4 a6 5. Nc3 Qc7 6. Be3 Nf6 7. a3 b5 8. Be2 Bb7 9. f3 b4 10. axb4 Bxb4 11. Qd3 d5 12. O-O Bxc3 13. bxc3 dxe4 14. fxe4 Bxe4 15. Qd2 Nbd7 16. Nb5 axb5 17. Bxb5 O-O 18. Rxa8 Bxa8 0-1


[Site "https://www.chess.com"]

[Event "Titled Tuesday Blitz August 16 Late 2022"]
[White "Viana Da Costa, Fernando"]
[Black "Badmatsyrenov, Oleg"]
[WhiteFideId "2111900"]
[BlackFideId "24115762"]
[WhiteElo "2277"]
[BlackElo "2403"]
[Result "0-1"]
[Round "01"]
[TimeControl "180+1"]
[Date "2022.08.18"]
[WhiteClock "0:00:00"]
[BlackClock "0:00:00"]

1. e4 c5 2. Nf3 e6 3. b3 Nc6 4. Bb2 a6 5. c4 d6 6. d4 cxd4 7. Nxd4 Bd7 8. Nc3 Nf6 9. Be2 Be7 10. O-O O-O 11. Qd2 Qa5 12. Rfd1 Rfd8 13. Kh1 Nxd4 14. Qxd4 Rac8 15. Rac1 Qg5 16. Rf1 e5 17. Qd3 Bc6 18. Bf3 h5 19. h3 Qh6 20. Rcd1 g5 21. Bc1 Qg6 22. g3 g4 23. hxg4 hxg4 24. Bg2 Kg7 25. Kg1 Rh8 26. Rfe1 Qh5 27. Ba3 b5 28. cxb5 axb5 29. Bb4 Qh2+ 30. Kf1 Rh6 31. Bxd6 Bxd6 32. Qxd6 Nd7 33. Qd2 b4 34. Ne2 Bb5 35. Qg5+ Rg6 36. Qe3 Rc3 37. Qa7 Rf6 38. Rxd7 Rxg3 0-1


[Site "https://www.chess.com"]

[Event "Titled Tuesday Blitz August 16 Late 2022"]
[White "Vivekananthan, Anish"]
[Black "Vusatiuk, Vladimir"]
[WhiteFideId "2090775"]
[BlackFideId "14118610"]
[WhiteElo "2826"]
[BlackElo "2157"]
[Result "1-0"]
[Round "01"]
[TimeControl "180+1"]
[Date "2022.08.16"]
[WhiteClock "0:00:05"]
[BlackClock "0:00:15"]

1. d4 Nf6 2. Nf3 e6 3. c4 d5 4. Nc3 a6 5. cxd5 exd5 6. Bg5 Be6 7. e3 Nbd7 8. Bd3 Bd6 9. O-O O-O 10. Qc2 h6 11. Bh4 c6 12. Ne2 Qb8 13. Bg3 g6 14. Bxg6 Bxg3 15. hxg3 fxg6 16. Qxg6+ Kh8 17. Qxh6+ Kg8 18. Qg6+ Kh8 19. Qh6+ Kg8 20. Nf4 Qd6 21. Ng6 Nh7 22. Ng5 Nxg5 23. Nxf8 Nf7 24. Qxe6 Nxf8 25. Qg4+ Qg6 26. Qxg6+ Nxg6 27. f3 Nd6 28. Kf2 Re8 29. g4 Nc4 30. b3 Nxe3 31. Rfe1 Nxg4+ 32. fxg4 Rf8+ 33. Kg3 Nf4 34. Rf1 Ne2+ 35. Kh4 Rd8 36. Rad1 Rd7 37. g5 Nc3 38. Rde1 Ne4 39. Rf4 Rh7+ 40. Kg4 Rg7 41. Rexe4 dxe4 42. Rxe4 Kf7 43. Kf5 Rg8 44. Re6 Rh8 45. g6+ Kf8 46. Kf6 Rg8 47. Rd6 Ke8 48. g7 a5 49. g4 a4 50. Re6+ Kd8 51. Kf7 Rxg7+ 52. Kxg7 axb3 53. axb3 Kd7 54. Re5 Kd6 55. g5 b6 56. Kf6 c5 57. dxc5+ bxc5 58. g6 c4 59. bxc4 1-0


[Site "https://www.chess.com"]

[Event "Titled Tuesday Blitz August 16 Late 2022"]
[White "Volkov, Maksim"]
[Black "Meduri, Aakaash"]
[WhiteFideId "54123070"]
[BlackFideId "2032252"]
[WhiteElo "2155"]
[BlackElo "2113"]
[Result "0-1"]
[Round "01"]
[TimeControl "180+1"]
[Date "2022.08.18"]
[WhiteClock "0:00:00"]
[BlackClock "0:00:00"]

1. d4 f5 2. c4 Nf6 3. Nf3 e6 4. g3 Be7 5. Bg2 O-O 6. O-O d6 7. Nbd2 Ne4 8. Nxe4 fxe4 9. Ne1 d5 10. f3 dxc4 11. fxe4 Rxf1+ 12. Kxf1 b5 13. e5 c6 14. Nc2 Bb7 15. Bd2 Nd7 16. Kg1 Nb6 17. Bb4 a5 18. Bxe7 Qxe7 19. Qd2 b4 20. Rf1 Rd8 21. a3 c3 22. bxc3 b3 23. Ne3 Qxa3 24. Bh3 Qe7 25. c4 Ra8 26. Ng4 c5 27. Nf6+ gxf6 28. exf6 Qf7 29. dxc5 Nxc4 30. Qg5+ Qg6 31. Bxe6+ Kh8 32. Qxg6 hxg6 33. Bxc4 a4 34. Rb1 Be4 35. Rd1 b2 36. Ba2 Rb8 37. c6 Bxc6 38. Bb1 a3 39. Kf2 Be4 40. Bxe4 a2 41. Bxg6 a1=Q 42. Rd7 b1=Q 43. Rh7+ Kg8 44. Rg7+ Kf8 45. Rf7+ Ke8 46. Re7+ Kd8 47. Bxb1 Qxb1 48. Re3 Qf5+ 49. Rf3 Qc5+ 50. Kg2 Rb7 51. f7 Qf8 52. Rd3+ Kc8 53. Rc3+ Kb8 54. h4 Rxf7 55. Rb3+ Rb7 56. Rf3 Qe7 57. Kf2 Rb2 58. Re3 Qf6+ 59. Rf3 Qd4+ 60. Kf1 Qd1+ 61. Kg2 Qxe2+ 62. Kh3 Qxf3 63. h5 Qxh5# 0-1


[Site "https://www.chess.com"]

[Event "Titled Tuesday Blitz August 16 Late 2022"]
[White "Winkels, Marcel"]
[Black "Adewumi, Tanitoluwa"]
[WhiteFideId "1003887"]
[BlackFideId "30966396"]
[WhiteElo "1900"]
[BlackElo "2302"]
[Result "0-1"]
[Round "01"]
[TimeControl "180+1"]
[Date "2022.08.18"]
[WhiteClock "0:00:00"]
[BlackClock "0:00:00"]

1. e4 c5 2. Nf3 e6 3. d4 cxd4 4. Nxd4 Nc6 5. Nc3 Qc7 6. g3 a6 7. Bg2 d6 8. O-O Be7 9. Re1 Bd7 10. h3 Nf6 11. Be3 Ne5 12. Bg5 O-O 13. Rb1 Nc4 14. Qd3 b5 15. b3 Ne5 16. Qd2 Rac8 17. Nce2 h6 18. Bxf6 Bxf6 19. f4 Nc6 20. Rbc1 Nxd4 21. Nxd4 Qc3 22. Qxc3 Rxc3 23. Nf3 Rfc8 24. Re2 Be7 25. g4 a5 26. Ne1 b4 27. Rd1 Bb5 28. Rf2 Bh4 29. Rfd2 Bg3 30. Rxd6 Bxf4 31. Rd8+ Rxd8 32. Rxd8+ Kh7 33. Kf2 Bg3+ 34. Kg1 Bxe1 0-1


[Site "https://www.chess.com"]

[Event "Titled Tuesday Blitz August 16 Late 2022"]
[White "Winterberg, Lukas"]
[Black "Moroni, Luca Jr"]
[WhiteFideId "24622702"]
[BlackFideId "865834"]
[WhiteElo "2349"]
[BlackElo "2573"]
[Result "1-0"]
[Round "01"]
[TimeControl "180+1"]
[Date "2022.08.16"]
[WhiteClock "0:02:01"]
[BlackClock "0:02:31"]

1. d4 g6 2. Nf3 Bg7 3. c4 d6 4. Nc3 Nc6 5. e4 Bg4 6. d5 Nd4 7. Be2 Nxe2 8. Qxe2 Nf6 9. h3 Bxf3 10. Qxf3 O-O 11. O-O c6 12. Bd2 Rc8 13. Rac1 Nd7 14. b3 cxd5 15. exd5 a6 16. Rfe1 Re8 17. a4 Nc5 18. Ne4 Nxe4 19. Rxe4 b5 20. axb5 axb5 21. Rce1 Qa5 22. Bxa5 1-0


[Site "https://www.chess.com"]

[Event "Titled Tuesday Blitz August 16 Late 2022"]
[White "Yaksin, Oleg"]
[Black "Andreikin, Dmitry"]
[WhiteFideId "24105880"]
[BlackFideId "4158814"]
[WhiteElo "2256"]
[BlackElo "2736"]
[Result "0-1"]
[Round "01"]
[TimeControl "180+1"]
[Date "2022.08.16"]
[WhiteClock "0:00:02"]
[BlackClock "0:01:37"]

1. d4 Nf6 2. Bg5 g6 3. Bxf6 exf6 4. e3 d5 5. Bd3 Nd7 6. Nd2 f5 7. Ne2 c6 8. O-O Bd6 9. c4 Nf6 10. h3 O-O 11. a3 Re8 12. Qc2 Be6 13. b4 Rc8 14. Qb2 Bb8 15. c5 Qc7 16. f4 Bd7 17. Rf3 Re7 18. Nf1 Rce8 19. a4 Ne4 20. b5 Kh8 21. b6 axb6 22. cxb6 Qd6 23. a5 g5 24. a6 bxa6 25. Rxa6 g4 26. Bxe4 fxe4 27. Rf2 gxh3 28. gxh3 Bxh3 29. Neg3 Rg8 30. Ra2 Bxf1 31. Kxf1 Rxg3 32. Qe2 Qg6 33. Ke1 Rb7 34. Rb2 Qg4 35. Qa6 Rxe3+ 36. Kd2 Rd3+ 0-1


[Site "https://www.chess.com"]

[Event "Titled Tuesday Blitz August 16 Late 2022"]
[White "Yurovskykh, Oleksandr"]
[Black "Xu, Jeffrey"]
[WhiteFideId "14134020"]
[BlackFideId "2617110"]
[WhiteElo "2292"]
[BlackElo "2047"]
[Result "1-0"]
[Round "01"]
[TimeControl "180+1"]
[Date "2022.08.18"]
[WhiteClock "0:00:00"]
[BlackClock "0:00:00"]

1. d4 Nf6 2. Nf3 c5 3. c3 b6 4. Bg5 Bb7 5. Bxf6 gxf6 6. e3 Rg8 7. g3 Qc7 8. Bg2 e6 9. Nbd2 Nc6 10. O-O O-O-O 11. Qe2 Kb8 12. Rfe1 Be7 13. Rac1 f5 14. Red1 h5 15. h4 Rg6 16. Nf1 d5 17. Ne1 Rdg8 18. Qxh5 c4 19. Nd2 Bd6 20. Nf1 Qe7 21. f4 Qf6 22. Qe2 Be7 23. Nf3 Bc8 24. Kf2 Qh8 25. Ke1 Ka8 26. Kd2 Bd7 27. b3 Na5 28. Ne5 Be8 29. bxc4 Kb8 30. cxd5 exd5 31. Bxd5 Rd6 32. Bh1 f6 33. Nc4 Bb5 34. Nxd6 Bxe2 35. Nf7 Qg7 36. Kxe2 Qxf7 37. c4 Qe6 38. Bd5 Qc8 39. Bxg8 Qxg8 40. Rc2 Nc6 41. Rdc1 Qg4+ 42. Kf2 Nb4 43. Rd2 Bd6 44. c5 Bc7 45. Rb2 Nd5 46. cxb6 axb6 47. a4 Kc8 48. Rbc2 Qg8 49. Rc6 Kd7 50. R6c4 Qa8 51. Nd2 Qa5 52. Nf3 Qa7 53. h5 Qa8 54. h6 Qh8 55. Rh1 Ne7 56. h7 Ng6 57. Rcc1 Nf8 58. Rh5 Bd6 59. Rch1 Ke6 60. Ke2 Kf7 61. Nh4 Ke6 62. Rh6 Bb4 63. Ng6 Nxg6 64. Rxg6 Qc8 65. Rxf6+ Kd5 66. Rxf5+ Ke6 67. Re5+ Kd6 68. h8=Q Qc2+ 69. Kf3 Qc6+ 70. d5 Qd7 71. Qf6+ 1-0


[Site "https://www.chess.com"]

[Event "Titled Tuesday Blitz August 16 Late 2022"]
[White "Zenin, Dmitry"]
[Black "Melikyan, Gnel"]
[WhiteFideId "4127897"]
[BlackFideId "54109990"]
[WhiteElo "2215"]
[BlackElo "1772"]
[Result "0-1"]
[Round "01"]
[TimeControl "180+1"]
[Date "2022.08.18"]
[WhiteClock "0:00:00"]
[BlackClock "0:00:00"]

1. d4 Nf6 2. c4 g6 3. Nc3 Bg7 4. e4 d6 5. Nf3 O-O 6. Be2 e5 7. O-O Nc6 8. d5 Ne7 9. Ne1 Nd7 10. Nd3 f5 11. Bd2 Nf6 12. f3 f4 13. c5 Rf7 14. cxd6 cxd6 15. Nf2 g5 16. Qc2 Ng6 17. Rfc1 Ne8 18. a4 h5 19. h3 Bf8 20. Nb5 Rg7 21. Qd1 Nh4 22. Rc3 a6 23. Na3 Nf6 24. Nc4 Bd7 25. a5 Bb5 26. Be1 Nd7 27. b4 Qf6 28. Rac1 Qg6 29. Na3 Bxe2 30. Qxe2 Nf6 31. Rc7 Be7 32. Rxb7 g4 33. fxg4 hxg4 34. hxg4 f3 35. gxf3 Nh5 36. Nh3 Nxf3+ 37. Qxf3 Rf8 38. Qg2 Nf4 39. Nxf4 Rxf4 40. Rc8+ Kf7 41. Bh4 Rf6 42. Rxe7+ Kxe7 43. Rc7+ Ke8 44. Rxg7 Qxg7 45. Bxf6 Qxf6 46. Qg3 Qg5 47. Nc2 Qd2 48. Qf2 Qc1+ 49. Kg2 Qg5 50. Kg3 Qc1 51. Ne3 Qh1 52. g5 Qh5 53. Qf5 Qh1 54. Qe6+ Kf8 0-1


[Site "https://www.chess.com"]

[Event "Titled Tuesday Blitz August 16 Late 2022"]
[White "Zeynalov, Farid"]
[Black "Ozalp, Burak"]
[WhiteFideId "13402250"]
[BlackFideId "6314210"]
[WhiteElo "2278"]
[BlackElo "1854"]
[Result "1-0"]
[Round "01"]
[TimeControl "180+1"]
[Date "2022.08.18"]
[WhiteClock "0:00:00"]
[BlackClock "0:00:00"]

1. d4 Nf6 2. c4 g6 3. Nc3 Bg7 4. e4 d6 5. Nf3 O-O 6. Be2 e5 7. O-O exd4 8. Nxd4 Re8 9. f3 c6 10. g4 h6 11. Kg2 d5 12. cxd5 cxd5 13. Bb5 Bd7 14. exd5 Bxb5 15. Ndxb5 a6 16. Na3 b5 17. Nc2 Nbd7 18. Nb4 Ne5 19. Bf4 Nc4 20. Qb3 Ne3+ 21. Bxe3 Rxe3 22. Rad1 Qd6 23. Rf2 Rae8 24. a3 Qf4 25. Nd3 Qg5 26. Qb4 Nxd5 27. Nxd5 Qxd5 28. Qd2 h5 29. Nb4 Qg5 30. h3 hxg4 31. hxg4 Be5 32. Nd5 Qh4 33. Qxe3 Kg7 34. Rh1 Qg3+ 35. Kf1 Rc8 36. Rg2 1-0


[Site "https://www.chess.com"]

[Event "Titled Tuesday Blitz August 16 Late 2022"]
[White "Zivkovic, Nemanja"]
[Black "Prydun, Andriy"]
[WhiteFideId "942154"]
[BlackFideId "14145898"]
[WhiteElo "2372"]
[BlackElo "2163"]
[Result "1/2-1/2"]
[Round "01"]
[TimeControl "180+1"]
[Date "2022.08.18"]
[WhiteClock "0:00:00"]
[BlackClock "0:00:00"]

1. c4 c5 2. Nc3 Nc6 3. g3 g6 4. Bg2 Bg7 5. e3 h5 6. h3 Nh6 7. Nge2 Nf5 8. b3 b6 9. Bb2 Bb7 10. O-O Rb8 11. d3 O-O 12. Qd2 e6 13. Rfd1 Nce7 14. e4 Nd4 15. f4 h4 16. gxh4 Nec6 17. h5 Qh4 18. hxg6 fxg6 19. e5 Bh6 20. Rf1 Nxe5 21. Ne4 d6 22. Nxd4 cxd4 23. Bxd4 Rxf4 24. Rxf4 Bxf4 25. Qf2 Qxf2+ 26. Bxf2 Nxd3 27. Bh4 Be3+ 28. Kh2 Nf4 29. Nf6+ Kg7 30. Bxb7 Rxb7 31. Ne8+ Kh7 32. Nxd6 Rd7 33. Ne4 Rd4 34. Ng5+ Kh6 35. Nf3 Rd3 36. Re1 Kh5 37. Bg3 g5 38. Ne5 Rd2+ 39. Kh1 Bf2 40. Bxf2 Rxf2 41. Ng4 Re2 42. Rxe2 Nxe2 43. Kg2 Nc3 44. Nf6+ Kg6 45. Nd7 Nxa2 46. Ne5+ Kf5 47. Nc6 Nc1 48. b4 Nb3 49. Nxa7 Nd2 50. c5 bxc5 51. bxc5 Ke5 52. c6 Kd6 53. Kg3 e5 54. Kg4 e4 55. Kxg5 e3 56. Nb5+ Kxc6 57. Nc3 Kd6 58. Kg6 Ke7 59. h4 Kf8 60. h5 Kg8 61. Kf5 Nc4 62. Ke4 Nd6+ 63. Kxe3 Kh7 64. Kf4 Kh6 65. Kg4 Nf7 66. Nd5 Ne5+ 67. Kh4 Nf3+ 68. Kg4 Ne5+ 69. Kf5 Kxh5 1/2-1/2


[Site "https://www.chess.com"]

[Event "Titled Tuesday Blitz August 16 Late 2022"]
[White "Abdyzhapar, Asylbek"]
[Black "Pichot, Alan"]
[WhiteFideId "13800337"]
[BlackFideId "110973"]
[WhiteElo "2323"]
[BlackElo "2578"]
[Result "0-1"]
[Round "02"]
[TimeControl "180+1"]
[Date "2022.08.16"]
[WhiteClock "0:01:00"]
[BlackClock "0:00:07"]

1. d4 Nf6 2. c4 e6 3. Nf3 d5 4. Nc3 Bb4 5. Bg5 h6 6. Bh4 dxc4 7. e3 b5 8. a4 c6 9. Be2 g5 10. Bg3 Ne4 11. Qc2 Nxg3 12. hxg3 Nd7 13. O-O Qb6 14. b3 cxb3 15. Qxb3 a5 16. Rfc1 Bb7 17. axb5 O-O 18. Na4 Qc7 19. bxc6 Bxc6 20. Bb5 Nb8 21. Ne5 Bd5 22. Rxc7 Bxb3 23. Nb6 Na6 24. Nxa8 Nxc7 25. Nxc7 Rc8 26. Na6 Bc3 27. Ra3 Bc2 28. Nc5 Bb4 29. Ra2 Bb1 30. Ra1 Bc2 31. Bd3 Bxc5 32. Bxc2 Bb4 33. Ba4 Rc3 34. Ra2 f6 35. Nc6 Bd6 36. Rc2 Ra3 37. Rc4 h5 38. e4 h4 39. e5 hxg3 40. fxg3 fxe5 41. dxe5 Bb4 42. Bc2 Be1 43. Rg4 Bxg3 44. Rxg5+ Kf7 45. Kf1 Re3 46. Bg6+ Kf8 47. Rxg3 Rxg3 48. Be4 a4 49. Bf3 a3 50. Nb4 Rg5 51. Ke2 Rxe5+ 52. Kd3 Rb5 53. Nc2 a2 54. Na1 Rb1 55. Kc3 Rxa1 56. Kb2 Re1 57. Kxa2 Ke7 58. Kb2 Kf6 59. Kc2 e5 60. Kd2 Ra1 61. Ke3 Ra4 62. Be4 Kg5 63. Bd5 Kg4 64. Bf3+ Kg3 65. Bd5 Rd4 66. Be4 Ra4 67. Bd5 Kg4 68. Bf3+ Kf5 69. Bd1 Rb4 70. Bc2+ e4 71. g4+ Ke5 72. g5 Rc4 73. Bb1 Rc3+ 74. Kd2 Rg3 75. g6 Rxg6 76. Ke2 Rg1 77. Bc2 Rg2+ 78. Kd1 Rxc2 79. Kxc2 Kf4 80. Kd1 Kf3 81. Ke1 Ke3 82. Kd1 Kf2 83. Kd2 e3+ 84. Kd3 e2 0-1


[Site "https://www.chess.com"]

[Event "Titled Tuesday Blitz August 16 Late 2022"]
[White "Adewumi, Tanitoluwa"]
[Black "Gorodetzky, David"]
[WhiteFideId "30966396"]
[BlackFideId "2813416"]
[WhiteElo "2562"]
[BlackElo "2487"]
[Result "0-1"]
[Round "02"]
[TimeControl "180+1"]
[Date "2022.08.16"]
[WhiteClock "0:00:05"]
[BlackClock "0:01:19"]

1. e4 e5 2. Nf3 Nc6 3. Bc4 Bc5 4. O-O Nf6 5. d3 d6 6. c3 a6 7. a4 Ba7 8. Nbd2 h6 9. h3 g5 10. Nh2 h5 11. Ndf3 g4 12. Ng5 Qe7 13. Bxf7+ Kd8 14. Bb3 Rf8 15. Be3 gxh3 16. gxh3 Qg7 17. h4 Ne7 18. Bxa7 Rxa7 19. Qf3 Ng6 20. Qg3 Nf4 21. Rae1 Bg4 22. f3 Bh3 23. Rf2 Bd7 24. d4 Re8 25. dxe5 dxe5 26. Rd1 Kc8 27. Nf1 b5 28. a5 c5 29. Rfd2 c4 30. Bc2 Nh7 31. Kf2 Rg8 32. Nxh7 Qxh7 33. Qh2 Be6 34. Ng3 Rag7 35. Rd6 Rxg3 36. Qxg3 Rxg3 37. Rc6+ Kb7 38. Rb6+ Ka7 39. Rdd6 Bd7 40. Rxa6+ Kb7 41. Rdb6+ Kc7 42. Ra7+ Kd8 43. Rb8+ Ke7 44. Rxd7+ Kxd7 45. Rb7+ Kc6 46. Rxh7 Rg2+ 47. Kf1 Rxc2 48. a6 Rxb2 49. a7 Ra2 50. Rh6+ Kc5 51. Rh7 b4 52. Rc7+ Kd6 53. Rxc4 bxc3 54. Rxc3 Rxa7 55. Rc1 Ra2 56. Re1 Kc5 57. Rc1+ Kd4 58. Rd1+ Ke3 59. Re1+ Kxf3 60. Kg1 Rg2+ 61. Kh1 Rf2 62. Rg1 Ne2 63. Rg5 Ng3+ 64. Rxg3+ Kxg3 65. Kg1 Rf3 0-1


[Site "https://www.chess.com"]

[Event "Titled Tuesday Blitz August 16 Late 2022"]
[White "Adury, Anant"]
[Black "Mcconnell, Sullivan"]
[WhiteFideId "30964687"]
[BlackFideId "30934885"]
[WhiteElo "2028"]
[BlackElo "1985"]
[Result "0-1"]
[Round "02"]
[TimeControl "180+1"]
[Date "2022.08.18"]
[WhiteClock "0:00:00"]
[BlackClock "0:00:00"]

1. d4 e6 2. c4 b6 3. Nc3 Bb4 4. e4 Bb7 5. Bd3 f5 6. Qh5+ g6 7. Qe2 Nf6 8. f3 Nc6 9. Be3 f4 10. Bf2 e5 11. a3 Bxc3+ 12. bxc3 d6 13. Qb2 Na5 14. Qb5+ c6 15. Qa4 O-O 16. Ne2 c5 17. O-O Qe8 18. Qb5 Qc8 19. Nc1 Ba6 20. Qb2 Qe6 21. d5 Qe8 22. Qe2 Qa4 23. g4 Bxc4 24. Bxc4 Qxc4 25. Qxc4 Nxc4 26. a4 Nd2 0-1


[Site "https://www.chess.com"]

[Event "Titled Tuesday Blitz August 16 Late 2022"]
[White "Akbas, Umut Ata"]
[Black "Gubajdullin, Alexei"]
[WhiteFideId "44572646"]
[BlackFideId "4141202"]
[WhiteElo "1654"]
[BlackElo "2214"]
[Result "1/2-1/2"]
[Round "02"]
[TimeControl "180+1"]
[Date "2022.08.16"]
[WhiteClock "0:00:23"]
[BlackClock "0:00:15"]

1. Nf3 Nf6 2. c4 g6 3. b3 Bg7 4. Bb2 O-O 5. g3 b6 6. Bg2 Bb7 7. O-O e6 8. d3 c5 9. Nbd2 d6 10. Qc2 Nbd7 11. e4 Ng4 12. d4 cxd4 13. Nxd4 a6 14. Rac1 Qc7 15. h3 Ngf6 16. Rfd1 Rac8 17. Qd3 Qb8 18. Nc2 Nc5 19. Qe2 Qa8 20. Re1 d5 21. cxd5 exd5 22. e5 Nfe4 23. Ne3 Rfe8 24. Nxd5 Bxd5 25. Nxe4 Nxe4 26. Rxc8 Rxc8 27. Bxe4 Bxe4 28. Qxe4 Qxe4 29. Rxe4 Rc2 30. Bd4 b5 31. a4 bxa4 32. bxa4 Rc4 33. a5 Ra4 34. Kg2 Rxa5 35. e6 fxe6 36. Bxg7 Kxg7 37. Rxe6 h5 38. g4 hxg4 39. hxg4 Kf7 40. Rb6 g5 41. Kf3 Ra4 42. Kg3 a5 43. Ra6 Ra3+ 44. f3 a4 45. Kf2 Ra1 46. Ke3 a3 47. Ke4 a2 48. Kf5 Rf1 49. Ra7+ Kg8 50. Rxa2 Rxf3+ 51. Kxg5 Rb3 52. Ra6 Kg7 53. Ra7+ Kg8 54. Kh5 Rb5+ 55. g5 Rb6 56. Rd7 Kh8 57. Rf7 Kg8 58. Rd7 Kh8 59. Kg4 Kg8 60. Kf5 Kf8 61. Rc7 Ra6 62. Rc5 Kg8 63. Re5 Kf8 64. Re4 Kg8 65. Rh4 Rb6 66. Rh5 Ra6 67. Rh1 Rb6 68. Re1 Ra6 69. Re3 Rb6 70. Rc3 Ra6 71. Rc5 Rb6 72. Re5 Ra6 73. Kg4 Rb6 74. Kh5 Ra6 75. Rf5 Rb6 76. g6 Rb1 77. Kg5 Kg7 78. Rf7+ Kg8 79. Rf4 Kg7 80. Rg4 Rb5+ 81. Kh4 Rb6 82. Kh5 Rb5+ 83. Rg5 Rxg5+ 84. Kxg5 Kg8 85. Kf5 Kg7 86. Kg5 Kg8 87. Kh6 Kh8 88. g7+ Kg8 89. Kg6 1/2-1/2


[Site "https://www.chess.com"]

[Event "Titled Tuesday Blitz August 16 Late 2022"]
[White "Alexikov, Alexander"]
[Black "Fus, Jakub"]
[WhiteFideId "14103958"]
[BlackFideId "1193023"]
[WhiteElo "2253"]
[BlackElo "2220"]
[Result "0-1"]
[Round "02"]
[TimeControl "180+1"]
[Date "2022.08.18"]
[WhiteClock "0:00:00"]
[BlackClock "0:00:00"]

1. e4 c5 2. Nf3 d6 3. d4 cxd4 4. Nxd4 Nf6 5. Nc3 a6 6. Be2 e6 7. O-O Be7 8. f4 Qc7 9. Kh1 Nc6 10. Be3 O-O 11. Qe1 Nxd4 12. Bxd4 b5 13. a3 Bb7 14. Bd3 e5 15. fxe5 dxe5 16. Qg3 Nd7 17. Rf5 f6 18. Raf1 Bc5 19. Be3 Bxe3 20. Qxe3 Nc5 21. Qg3 Kh8 22. Rh5 Ne6 23. Nd5 Qf7 24. Rxe5 Rae8 25. Ref5 Qg6 26. Qf2 Ng5 27. Nc3 Nxe4 28. Nxe4 Bxe4 29. Bxe4 Rxe4 30. Rc5 Rfe8 31. h3 Re2 32. Qf3 Rxc2 33. Rxc2 Qxc2 34. Rf2 Re1+ 35. Kh2 Qc7+ 36. g3 h6 37. Qa8+ Kh7 38. Qxa6 Qc5 39. Rg2 Qc1 0-1


[Site "https://www.chess.com"]

[Event "Titled Tuesday Blitz August 16 Late 2022"]
[White "Ambartsumova, Karina"]
[Black "Krzyzanowski, Marcin"]
[WhiteFideId "4166299"]
[BlackFideId "1132199"]
[WhiteElo "2262"]
[BlackElo "2396"]
[Result "0-1"]
[Round "02"]
[TimeControl "180+1"]
[Date "2022.08.16"]
[WhiteClock "0:00:14"]
[BlackClock "0:01:39"]

1. Nf3 d5 2. d4 Nf6 3. c4 e6 4. Nc3 c5 5. cxd5 Nxd5 6. e4 Nxc3 7. bxc3 cxd4 8. cxd4 Bb4+ 9. Bd2 Bxd2+ 10. Qxd2 O-O 11. Be2 b6 12. O-O Bb7 13. Qe3 Nc6 14. Rfd1 Re8 15. Rac1 Rc8 16. a3 Qf6 17. e5 Qe7 18. Bd3 Na5 19. Ng5 h6 20. Ne4 Bxe4 21. Qxe4 g6 22. h4 h5 23. a4 Nb3 24. Rxc8 Rxc8 25. Bb5 Rd8 26. d5 Nc5 27. Qf3 exd5 28. Rxd5 Qxh4 29. g3 Qe7 30. Rxd8+ Qxd8 31. Bc4 Qe7 32. Qa8+ Kg7 33. Bb5 h4 34. gxh4 Qxe5 35. Qxa7 Qe1+ 36. Kg2 Qe4+ 37. Kg1 Qg4+ 38. Kf1 Qh3+ 39. Kg1 Qg4+ 40. Kf1 Qe6 41. a5 Ne4 42. Qxb6 Nd2+ 43. Kg2 Qg4+ 44. Kh1 Qh3+ 45. Kg1 Nf3# 0-1


[Site "https://www.chess.com"]